 Dungeon Crawl Stone Soup version 0.21.1-1-g345015f (console) character file.

47 Homage the Sneak (level 3, -7/17 HPs)
             Began as a Spriggan Enchanter on Mar 14, 2018.
             Mangled by an ogre
             ... wielding a +0 giant spiked club
              (24 damage)
             ... on level 3 of the Dungeon.
             The game lasted 00:04:27 (1694 turns).

Homage the Sneak (Spriggan Enchanter)               Turns: 1694, Time: 00:04:27

Health: -7/17      AC:  2    Str:  1 (4)  XL:     3   Next: 48%
Magic:  0/9        EV: 18    Int: 15 (17) God:
Gold:   68         SH:  0    Dex: 13 (16) Spells: 3/9 levels left

rFire    . . .     SeeInvis +   a - +1 dagger
rCold    . . .     Gourm    .   (shield restricted)
rNeg     . . .     Faith    .   b - +0 robe
rPois    .         Spirit   .   (helmet restricted)
rElec    .         Reflect  .   (no cloak)
rCorr    .         Harm     .   (gloves unavailable)
MR       .....                  (boots unavailable)
Stlth    +++.......             (no amulet)
HPRegen  0.05/turn              f - ring of wizardry
MPRegen  0.11/turn              (no ring)

@: very quick
A: very small, unfitting armour, talons 1, see invisible, herbivore, speed 3,
robust 1, slow metabolism 2
a: no special abilities


You were on level 3 of the Dungeon.
You were not hungry.

You visited 1 branch of the dungeon, and saw 3 of its levels.

You collected 68 gold pieces.


Innate Abilities, Weirdness & Mutations

You are very small and have problems with some larger weapons.
You are too small for most types of armour.
You have supernaturally acute eyesight. (SInv)
You are a herbivore.
You cover ground extremely quickly.
You need consume almost no food.
You have sharp toenails.
You are robust. (+10% HP)


   Skills:
 - Level 1.1 Short Blades
 - Level 3.0 Dodging
 - Level 6.1 Stealth
 + Level 3.7 Spellcasting
 - Level 3.6 Hexes


You had 3 spell levels left.
You knew the following spells:

 Your Spells              Type           Power        Failure   Level  Hunger
a - Confuse               Hex            ##......     4%          3    ###....
e - Ensorcelled Hibernat  Hex/Ice        #.....       5%          2    ##.....
Z - Corona                Hex            ##.....      1%          1    None

Inventory:

Hand Weapons
 a - a +1 dagger (weapon)
Armour
 b - a +0 robe (worn)
Jewellery
 f - a ring of wizardry (left hand)
Scrolls
 g - 4 scrolls of remove curse
 h - 3 scrolls of teleportation
 i - a scroll of enchant armour
 j - a scroll of amnesia {unknown}
 k - a scroll of enchant weapon {unknown}
Potions
 e - 2 potions of heal wounds
Books
 c - a book of Maledictions

   Spells                             Type                      Level
   a - Corona                         Hexes                        1
   b - Ensorcelled Hibernation        Hexes/Ice                    2
   c - Confuse                        Hexes                        3
   d - Tukima's Dance                 Hexes                        3
   e - Dazzling Spray                 Conjuration/Hexes            3
Comestibles
 d - 8 rations


Message History

Found a scroll labeled ELELAUSYPS.
The giant cockroach waves its antennae.
You see here a scroll labeled ELELAUSYPS.
k - a scroll labeled ELELAUSYPS The giant cockroach completely misses you.
You hit the ogre.
The ogre is lightly wounded.
The ogre closely misses you. The giant cockroach closely misses you.
You hit the giant cockroach but do no damage.
Your kick misses the giant cockroach. The giant cockroach misses you.
Casting: Ensorcelled Hibernation
Confirm with . or Enter, or press ? or * to list all spells.
Aiming: Ensorcelled Hibernation
Press: ? - help, Shift-Dir - straight line, f/p - ogre
Aim: an ogre, wielding a giant spiked club (lightly wounded, chance to defeat MR: 39%)
The ogre resists with some effort.
The giant cockroach barely misses you.
The ogre hits you with a giant spiked club!!
Ouch! That really hurt!
You die...

#.# # #.# .#
#.######.#
###........##.#
#..<....o........#
###.....l..#######
#..?o..o.......#
#.#########.##.#
#.O@sol......#
##########..##
####


You could see an ogre, an orc, a leopard gecko and a giant cockroach.

Vanquished Creatures
  2 oozes (D:1)
  2 worms (D:2)
  3 dart slugs
  A leopard gecko (D:2)
  A giant cockroach (D:2)
  5 goblins
  3 hobgoblins
  2 kobolds
  2 bats (D:1)
  A frilled lizard (D:2)
  5 rats
27 creatures vanquished.

Notes
Turn   | Place    | Note
-------+----------+-------------------------------------------
     0 | D:1      | Homage the Spriggan Enchanter began the quest for the Orb.
     0 | D:1      | Reached XP level 1. HP: 9/9 MP: 5/5
   118 | D:1      | Reached skill level 5 in Stealth
   118 | D:1      | Reached XP level 2. HP: 13/13 MP: 6/6
   454 | D:1      | Learned a level 2 spell: Ensorcelled Hibernation
   539 | D:1      | Reached skill level 6 in Stealth
   987 | D:2      | Gained mutation: You are robust. (+10% HP) [potion of mutation]
   987 | D:2      | Gained mutation: You have sharp toenails. [potion of mutation]
  1054 | D:2      | Reached skill level 3 in Spellcasting
  1157 | D:2      | Reached XP level 3. HP: 12/17 MP: 3/8
  1261 | D:2      | Learned a level 3 spell: Confuse
  1533 | D:2      | Noticed Robin
  1550 | D:3      | Noticed an ogre
  1694 | D:3      | Mangled by an ogre

Vault maps used:
D:1:      matt_arrival_spirals, serial_bayou_pond_d
D:2:      uniq_robin
D:3:      first_ration

Action                   || total
-------------------------++-------
Melee: Dagger            ||    81
       Kick              ||     2
 Cast: Ensorcelled Hiber ||    15
  Use: Potion            ||     3
       Scroll            ||     3
 Stab: Sleeping          ||    17
Armor: Robe              ||     3
Dodge: Dodged            ||    50
